 Dungeon Crawl Stone Soup version 0.21-a0-531-gacddea6 (webtiles) character file.

29 kiturien the Skirmisher (level 3, 0/33 HPs)
             Began as a Draconian Abyssal Knight on Dec 13, 2017.
             Was a Follower of Lugonu.
             Slain by a hobgoblin
             ... wielding a +0 club
              (4 damage)
             ... on level 1 of the Dungeon.
             The game lasted 00:02:24 (782 turns).

kiturien the Skirmisher (Draconian Abyssal Knight)   Turns: 782, Time: 00:02:24

Health: 0/33       AC:  5    Str: 15    XL:     3   Next: 1%
Magic:  4/4        EV: 11    Int: 12    God:    Lugonu [*.....]
Gold:   34         SH:  0    Dex: 10    Spells: 2/2 levels left

rFire    . . .     SeeInvis .     - Unarmed
rCold    . . .     Gourm    .   (no shield)
rNeg     . . .     Faith    +   (armour unavailable)
rPois    .         Spirit   .   (helmet restricted)
rElec    .         Reflect  .   (no cloak)
rCorr    .         Harm     .   (no gloves)
MR       .....                  (no boots)
Stlth    +.........             c - amulet of faith
HPRegen  0.11/turn              (no ring)
MPRegen  0.09/turn              (no ring)

@: heavily drained
A: unfitting armour, cold-blooded, AC +5
a: Depart the Abyss, Renounce Religion


You were on level 1 of the Dungeon.
You worshipped Lugonu.
Lugonu was aware of your devotion.
You were not hungry.

You visited 1 branch of the dungeon, and saw 1 of its levels.
You visited the Abyss 1 time.

You collected 34 gold pieces.

Inventory:

Jewellery
 c - an amulet of faith (around neck)
Scrolls
 b - 4 scrolls of teleportation
 d - a scroll of noise {unknown}
 e - a scroll of amnesia {unknown}
Potions
 h - a potion of curing {unknown}
 j - a potion of brilliance {unknown}
Comestibles
 a - a bread ration
 f - a meat ration
 g - 10 chunks of flesh
 i - 3 fruits


   Skills:
 + Level 3.9(2.5) Fighting
 + Level 2.5(1.1) Dodging
 + Level 2.5(1.1) Unarmed Combat
 - Level 2.0(0.6) Invocations


You had 2 spell levels left.
You didn't know any spells.

Dungeon Overview and Level Annotations

Branches:
Dungeon (1/15)

Altars:


Innate Abilities, Weirdness & Mutations

Your plain brown scales are hard. (AC +5)
You cannot fit into any form of body armour.
You are cold-blooded and may be slowed by cold attacks.


Message History

The hobgoblin is moderately wounded.
The hobgoblin hits you with a club.
You hit the hobgoblin but do no damage.
The hobgoblin is moderately wounded.
The hobgoblin hits you but does no damage.
You hit the hobgoblin but do no damage.
The hobgoblin is moderately wounded.
The hobgoblin misses you.
You hit the hobgoblin but do no damage.
The hobgoblin is moderately wounded.
The hobgoblin hits you with a club!
* * * LOW HITPOINT WARNING * * *
You hit the hobgoblin but do no damage.
The hobgoblin is moderately wounded.
The hobgoblin hits you with a club.
* * * LOW HITPOINT WARNING * * *
You closely miss the hobgoblin. You tail-slap the hobgoblin.
The hobgoblin is almost dead.
The hobgoblin hits you with a club.
You die...

#..........#####.......#......
#####......# #.......#.#.###
######.(....# #.......#.#.# #
.....#####'### ######+##.#.. .
...(.......).# #####.##.#####
........(..(.####......##..
..........(.('..+......####
......)(.((.(####......#
.............g@((....... ###
......##############.##. ...
...... .... ####. #... #g #..
# ###### ..#. #....# .# ...#
#....# .# .#. #....# .# #..


You could see a hobgoblin.

Vanquished Creatures
  An ooze (D:1)
  2 dart slugs (D:1)
  A giant cockroach (D:1)
  2 goblins (D:1)
  2 hobgoblins (D:1)
  A ball python (D:1)
  4 bats (D:1)
  4 kobolds (D:1)
  3 rats (D:1)
20 creatures vanquished.

Notes
Turn   | Place    | Note
-------+----------+-------------------------------------------
     0 | Abyss:1  | kiturien the Draconian Abyssal Knight began the quest for the Orb.
     0 | Abyss:1  | Reached XP level 1. HP: 19/19 MP: 2/2
    34 | Abyss:1  | Noticed a starcursed mass
    41 | Abyss:1  | Noticed a quasit
    43 | Abyss:1  | Noticed a small abomination
    47 | Abyss:1  | Noticed a neqoxec
    47 | D:1      | Escaped the Abyss
   384 | D:1      | Reached * piety under Lugonu
   597 | D:1      | Reached XP level 2. HP: 22/27 MP: 3/3
   768 | D:1      | Reached XP level 3. HP: 13/33 MP: 4/4
   782 | D:1      | Slain by a hobgoblin

Vault maps used:
D:1:      matt_arrival_diagonals, minmay_heptomino_l4

Action                   || total
-------------------------++-------
Melee: Unarmed           ||    88
       Tailslap          ||    10
Invok: Depart the Abyss  ||     1
  Use: Scroll            ||     1
Armor: Skin              ||    34
Dodge: Dodged            ||    68

Table legend:
 A = Spawn XP
 B = Non-spawn XP
 C = Spawn XP percentage of total XP
 D = Spawn monster count
 E = Non-spawn monster count
 F = Spawn count percentage of total count
 G = Total turns spent on level
                    A         B        C        D         E        F      G
               +---------+---------+-------+---------+---------+-------+---------
         Total |       0 |      42 |   0.0 |       0 |      20 |   0.0 |   782
               +---------+---------+-------+---------+---------+-------+---------
           D:1 |       0 |      42 |   0.0 |       0 |      20 |   0.0 |   735
               +---------+---------+-------+---------+---------+-------+---------
